 Dungeon Crawl Stone Soup version 0.22.0 (webtiles) character file.

199 Matezma the Ruffian (level 5, -4/53 HPs)
             Began as a Troll Berserker on Oct 28, 2018.
             Was a Believer of Trog.
             Slain by a worm (6 damage)
             ... on level 3 of the Dungeon.
             The game lasted 00:06:41 (1481 turns).

Matezma the Ruffian (Troll Berserker)               Turns: 1481, Time: 00:06:42

Health: -4/53      AC:  5    Str: 26    XL:     5   Next: 48%
Magic:  4/4        EV: 11    Int:  3    God:    Trog [**....]
Gold:   137        SH:  0    Dex:  9    Spells: 4/4 levels left

rFire    . . .     SeeInvis .     - Unarmed
rCold    . . .     Gourm    +   (no shield)
rNeg     . . .     Faith    .   a - +0 animal skin
rPois    .         Spirit   .   (helmet restricted)
rElec    .         Reflect  .   (no cloak)
rCorr    .         Harm     .   (gloves unavailable)
MR       .....                  (boots unavailable)
Stlth    +.........             (no amulet)
HPRegen  0.57/turn              (no ring)
MPRegen  0.09/turn              (no ring)

@: lethally poisoned (-4 -> -5), slowed, very slow
A: large, unfitting armour, claws 3, fast metabolism 3, gourmand, regeneration
1, shaggy fur 1, tough skin 2
a: Berserk, Trog's Hand, Renounce Religion


You were on level 3 of the Dungeon.
You worshipped Trog.
Trog was pleased with you.
You were completely stuffed.

You visited 1 branch of the dungeon, and saw 3 of its levels.

You collected 137 gold pieces.

Inventory:

Missiles
 m - 9 stones (quivered)
Armour
 a - a +0 animal skin (worn)
Scrolls
 c - 2 scrolls of remove curse {unknown}
 d - a scroll of random uselessness {unknown}
 f - a scroll of identify {unknown}
 h - 2 scrolls of fog {unknown}
 j - a scroll of enchant armour {unknown}
 k - a scroll of amnesia {unknown}
Potions
 e - 3 potions of might
 i - a potion of degeneration {unknown}
 l - a potion of brilliance {unknown}
 n - a potion of flight {unknown}
Comestibles
 b - 11 rations
 g - 9 chunks of flesh


   Skills:
 + Level 3.5 Fighting
 + Level 3.5 Dodging
 + Level 4.3 Unarmed Combat


You had 4 spell levels left.
You didn't know any spells.
Your spell library was empty.

Dungeon Overview and Level Annotations

Branches:
Dungeon (3/15)

Altars:


Innate Abilities, Weirdness & Mutations

You are too large for most types of armour.
You have claws for hands.
Your metabolism is lightning-fast.
You like to eat raw meat.
Your natural rate of healing is unusually fast.
You are covered in fur. (AC +1)
You have very tough skin. (AC +2)


Message History

Things that are here:
a stone; a worm corpse; a rat corpse You barely miss the worm.
The orc barely misses you. The orc hits you but does no damage.
The worm bites you!
* * * LOW HITPOINT WARNING * * *
You claw the worm!
The worm is moderately wounded.
You feel sick.
A quokka comes into view.
The orc hits you but does no damage. The orc barely misses you.
You scratch the worm.
The worm is severely wounded.
The orc hits you with a hand axe.
* * * LOW HITPOINT WARNING * * *
The orc hits you but does no damage. The worm misses you.
The orc hits you but does no damage.
You barely miss the worm.
The worm is heavily wounded.
The orc misses you. The worm bites you.
You die...

.....# ....... ......
..... .... #### ##.#
...?. . ###..# ....?..
..%.###)o(.# .......
......w@o.(#### )......
.........#))(.###......=
......#######..(.......#
..............)........#
...r##..........#.(!....
.... ..................#
... ##................
.# ###................
#..................


You could see a worm, 2 orcs and a quokka.

Vanquished Creatures
  2 orc wizards (D:3)
  4 adders
  3 oozes
  5 worms
  4 dart slugs
  A leopard gecko (D:2)
  2 orcs (D:3)
  A ball python (D:1)
  5 bats
  A giant cockroach (D:1)
  8 hobgoblins
  14 jackals
  A quokka (D:2)
  3 frilled lizards
  7 goblins
  7 rats
68 creatures vanquished.

Notes
Turn   | Place    | Note
-------+----------+-------------------------------------------
     0 | D:1      | Matezma the Troll Berserker began the quest for the Orb.
     0 | D:1      | Reached XP level 1. HP: 22/22 MP: 0/0
   152 | D:1      | Reached XP level 2. HP: 29/29 MP: 1/1
   502 | D:1      | Reached XP level 3. HP: 36/36 MP: 2/2
   972 | D:2      | Reached ** piety under Trog
  1051 | D:2      | Reached XP level 4. HP: 45/45 MP: 3/3
  1418 | D:3      | Reached skill level 4 in Unarmed Combat
  1454 | D:3      | Reached XP level 5. HP: 50/53 MP: 4/4
  1480 | D:3      | HP: 1/53 [orc/hand axe (3)]
  1481 | D:3      | Slain by a worm

Skill      XL: |  1  2  3  4 |
---------------+-------------+-----
Dodging        | 3 |  3.5
Fighting       | 3 |  3.5
Unarmed Combat | 4 |  4.3

Action                   |  1- 3 |  4- 6 || total
-------------------------+-------+-------++-------
Melee: Unarmed           |    84 |   103 ||   187
       Punch             |       |     1 ||     1
Throw: Stone             |       |    14 ||    14
 Stab: Sleeping          |     2 |       ||     2
  Eat: Chunk             |    15 |     4 ||    19
Armor: Animal skin       |    31 |    51 ||    82
Dodge: Dodged            |    40 |    81 ||   121
